 Dungeon Crawl Stone Soup version 0.30-a0-728-gc68057be0a (webtiles) character file.

Game seed: 2115740376700159591

87 jimonade the Sneak (level 4, -6/23 HPs)
             Began as a Vine Stalker Brigand on Jan 30, 2023.
             Mangled by a worm (7 damage)
             ... on level 3 of the Dungeon.
             The game lasted 00:02:54 (1455 turns).

jimonade the Sneak (Vine Stalker Brigand)           Turns: 1455, Time: 00:02:54

Health: -6/23      AC:  7    Str: 13    XL:     4   Next: 51%
Magic:  0/5        EV: 12    Int: 11    God:
Gold:   102        SH:  0    Dex: 18    Spells: 3/3 levels left

rFire   . . .      SeeInvis .    a - +3 dagger
rCold   . . .      Faith    +    (no shield)
rNeg    . . .      Spirit   +    n - +0 robe
rPois   .          Reflect  .    (no helmet)
rElec   .          Harm     .    c - +0 cloak
rCorr   +          Rampage  .    (no gloves)
Will    .....                    (no boots)
Stlth   +++                      g - amulet of faith
HPRegen 1.03/turn                j - ring of resist corrosion
MPRegen 0.09/turn                q - +4 ring of protection

@: slowed, very slow
A: fangs 2, regeneration 1, magic shield, antimagic bite, no potion heal 2
a: no special abilities


You were on level 3 of the Dungeon.
You visited 1 branch of the dungeon, and saw 3 of its levels.

You collected 102 gold pieces.

Inventory:

Hand Weapons
 a - a +3 dagger (weapon)
 b - a +1 sling of flaming
Missiles
 d - 12 poisoned darts (quivered)
 e - 3 curare-tipped darts
Armour
 c - a +0 cloak (worn)
 n - a +0 robe (worn)
 o - a +0 chain mail
Jewellery
 g - an amulet of faith (around neck)
 j - a ring of resist corrosion (left hand)
 q - a +4 ring of protection (right hand)
Scrolls
 h - 2 scrolls of identify
 p - a scroll of acquirement {unknown}
 r - a scroll of immolation {unknown}
 s - a scroll of enchant weapon
Potions
 f - 3 potions of ambrosia
 i - 2 potions of attraction {unknown}
 k - 2 potions of mutation {unknown}
 l - a potion of might {unknown}
 m - a potion of curing {unknown}


   Skills:
 + Level 2.0 Fighting
 * Level 2.9 Short Blades
 + Level 1.8 Throwing
 + Level 1.0 Dodging
 + Level 6.1 Stealth


You had 3 spell levels left.
You didn't know any spells.
Your spell library contained the following spells:

 Spells                   Type           Power      Damage    Failure   Level
 Apportation              Tloc           0%         N/A       34%         1
 Alistair's Intoxication  Tmut/Pois      0%         N/A       100%        5


Dungeon Overview and Level Annotations

Branches:
Dungeon (3/15)

Altars:
Okawaru

Annotations:
D:3 Natasha


Innate Abilities, Weirdness & Mutations

You have extremely sharp teeth.
Your natural rate of healing is unusually fast.
When hurt, damage is shared between your health and your magic reserves.
Your bite disrupts and absorbs the magic of your enemies.
Potions cannot restore your health.


Message History

You completely miss Natasha. Your bite misses Natasha.
Natasha is moderately wounded.
Natasha barely misses you. Natasha claws you.
You completely miss Natasha. Your bite misses Natasha.
Natasha is moderately wounded.
Natasha misses you.
You barely miss Natasha.
Natasha is moderately wounded.
Natasha extends her claws.
Natasha claws you.
* * * LOW HITPOINT WARNING * * *
You hit Natasha but do no damage. You bite Natasha, but do no damage.
Natasha is moderately wounded.
Natasha mumbles some strange words.
You hit Natasha. You bite Natasha.
Natasha's magic leaks into the air.
You drain her magic.
You feel invigorated.
Natasha is severely wounded.
Natasha barely misses you. The white imp misses you. Natasha barely misses you.
You barely miss Natasha. You bite Natasha.
Natasha's magic leaks into the air.
You drain her magic.
You feel invigorated.
Natasha is almost dead.
The white imp barely misses you. Natasha claws you.
* * * LOW HITPOINT WARNING * * *
You barely miss Natasha.
Natasha is almost dead.
The white imp hits you.
* * * LOW HITPOINT WARNING * * *
The white imp freezes you.
* * * LOW HITPOINT WARNING * * *
Natasha wildly gestures.
You feel troubled.
Natasha falters for a moment.
You closely miss Natasha. Your punch misses Natasha.
Natasha is almost dead.
The white imp gestures at you. The puff of frost hits you.
* * * LOW HITPOINT WARNING * * *
Natasha mewls in sadness.
Natasha claws you but does no damage. The worm bites you!
You die...

##...#..#..#..#
#####...###...# #.#
#........#..# ..#
#.####......## ..# #.##
##...#...# #.# #.#.##
###.###..##.# #.###.##
#.†.##..#†#
##.#####.######.###...#
#.# #h@w...........#..#
####.##5##.#####.##......
#.......#.## #.##.#...#
.$".......# #.##.##.##
.#.#.#.#..# #.##.##.#
.........## #.##.##.##
.#.#.#.#.# ..##.##..#
.........# ..##.###†#
.#.#.#.#.# ...##.###..


You could see a worm, Natasha (magic disrupted) and a white imp (summoned).

Vanquished Creatures
  Jessica (D:3)
  An adder (D:3)
  2 worms
  2 ball pythons (D:1)
  4 bats
  4 endoplasms
  4 giant cockroaches
  6 hobgoblins
  4 jackals (D:1)
  2 quokkas
  2 frilled lizards (D:3)
  4 goblins
  2 kobolds
  2 rats (D:3)
40 creatures vanquished.

Notes
Turn   | Place    | Note
-------+----------+-------------------------------------------
     0 | D:1      | jimonade the Vine Stalker Brigand began the quest for the
                  | Orb.
     0 | D:1      | Reached XP level 1. HP: 11/11 MP: 2/2
    28 | D:1      | Reached skill level 5 in Stealth
    32 | D:1      | Reached XP level 2. HP: 13/15 MP: 3/3
   373 | D:1      | Reached XP level 3. HP: 13/18 MP: 2/4
   792 | D:2      | Found a faded altar of an unknown god.
   830 | D:2      | Found an iron altar of Okawaru.
  1223 | D:3      | Noticed Jessica
  1233 | D:3      | Killed Jessica
  1234 | D:3      | Reached skill level 1 in Dodging
  1234 | D:3      | Reached skill level 6 in Stealth
  1234 | D:3      | Gained mutation: Your natural rate of healing is unusually
                  | fast. [Vine Stalker growth]
  1234 | D:3      | Reached XP level 4. HP: 23/23 MP: 5/5
  1429 | D:3      | Noticed Natasha
  1455 | D:3      | HP: 1/23 [white imp/puff of frost[Natasha] (3)]
  1455 | D:3      | Mangled by a worm

Illustrated notes

Levels and vault maps discovered:
D:1:      mainiacjoe_arrival_reflecting_pool, layout_basic
D:2:      layout_rooms, dreamdust_ecumenical_altar_statues, basic_altar,
          nrook_mini_backslash
D:3:      layout_loops_ring, serial_glass, glass_columns_a, glass_columns_b,
          glass_columns_a, glass_columns_c, glass_columns_b, glass_columns_a,
          item_on_display_a, minmay_strange_pillars, minmay_strange_pillars,
          item_on_display_a, uniq_natasha, uniq_jessica

Skill      XL: |  1  2  3 |
---------------+----------+-----
Stealth        | 5 6 |  6.1
Short Blades   | 2 |  2.9
Fighting       | 2 |  2.0
Dodging        | 1 |  1.0
Throwing       | |  1.8

Action                     |  1- 3 |  4- 6 || total
---------------------------+-------+-------++-------
  Melee: Dagger            |    76 |    34 ||   110
         Bite              |    19 |    12 ||    31
    Use: Scroll            |     2 |       ||     2
   Stab: Sleeping          |    14 |       ||    14
 Armour: Robe              |    12 |     7 ||    19
  Dodge: Dodged            |    26 |    20 ||    46

Table legend: (Time is in decaauts)
 A = Elapsed time spent in this place.
 B = Non-inter-level travel time spent in this place.
 C = Inter-level travel time spent in this place.
 D = Time resting spent in this place.
 E = Time spent auto-exploring this place.
 F = Levels seen in this place.
 G = Mean time per level.
                   A        B        C        D        E       F      G
               +--------+--------+--------+--------+--------+-----+--------+
         Total |   1449 |   1321 |    128 |      0 |    989 |   3 |  483.0 |
       Dungeon |   1449 |   1321 |    128 |      0 |    989 |   3 |  483.0 |
               +--------+--------+--------+--------+--------+-----+--------+

Top non-repeatable levels by time:
     D:1: 748 daAuts
     D:2: 374 daAuts
     D:3: 327 daAuts
